 Dungeon Crawl Stone Soup version 0.23.2-30-g0e89c35649 (webtiles) character file.

Game seed: 16363333197072674621

737 TrebMcFLY the Cudgeler (level 7, -2/44 HPs)
             Began as a Gargoyle Fighter on June 10, 2019.
             Killed by nerve-wracking pain
             ... invoked by an orc priest
              (5 damage)
             ... on level 4 of the Dungeon.
             The game lasted 00:09:44 (3151 turns).

TrebMcFLY the Cudgeler (Gargoyle Fighter)           Turns: 3151, Time: 00:09:45

Health: -2/44      AC: 14    Str: 21    XL:     7   Next: 75%
Magic:  8/8        EV:  7    Int:  9    God:
Gold:   200        SH:  9    Dex:  9    Spells: 6/6 levels left

rFire    . . .     SeeInvis .   a - +0 flail
rCold    . . .     Gourm    .   c - +0 shield
rNeg     + . .     Faith    .   b - +0 scale mail
rPois    ∞         Spirit   .   v - +1 helmet
rElec    +         Reflect  .   (no cloak)
rCorr    .         Harm     .   (no gloves)
MR       .....                  (no boots)
Stlth    ..........             (no amulet)
HPRegen  0.14/turn              (no ring)
MPRegen  0.11/turn              (no ring)

@: no status effects
A: negative energy resistance 1, electricity resistance, unbreathing,
petrification resistance, rot immunity, AC +4
a: no special abilities


You were on level 4 of the Dungeon.
You were not hungry.

You visited 2 branches of the dungeon, and saw 5 of its levels.

You collected 200 gold pieces.

Inventory:

Hand Weapons
 a - a +0 flail (weapon)
Missiles
 d - 8 javelins (quivered)
Armour
 b - a +0 scale mail (worn)
 c - a +0 shield (worn)
 v - a +1 helmet (worn)
Wands
 q - a wand of disintegration (12)
 r - a wand of random effects (21)
 u - a wand of flame (13)
Scrolls
 h - 6 scrolls of identify {unknown}
 i - 2 scrolls of random uselessness {unknown}
 k - 3 scrolls of remove curse {unknown}
 l - 2 scrolls of fear {unknown}
 o - 4 scrolls of teleportation {unknown}
 p - a scroll of enchant armour {unknown}
 s - 2 scrolls of immolation {unknown}
Potions
 e - a potion of heal wounds {unknown}
 g - 4 potions of brilliance {unknown}
 j - a potion of haste {unknown}
 m - 3 potions of agility {unknown}
 n - a potion of degeneration {unknown}
 w - a potion of cancellation {unknown}
Comestibles
 f - 7 rations


   Skills:
 + Level 5.6 Fighting
 * Level 6.2 Maces & Flails
 + Level 4.1 Armour
 + Level 4.1 Shields
 + Level 1.5 Evocations


You had 6 spell levels left.
You didn't know any spells.
Your spell library contained the following spells:

 Spells                   Type           Power        Failure   Level  Hunger
 Animate Skeleton         Necr           N/A          99%         1    ##.....
 Pain                     Necr           #...         99%         1    ##.....
 Regeneration             Chrm/Necr      #.........   100%        3    ####...
 Vampiric Draining        Necr           #.........   100%        3    ####...
 Animate Dead             Necr           N/A          100%        4    #####..


Dungeon Overview and Level Annotations

Branches:
Dungeon (4/15)             Temple (1/1) D:4

Altars:
Ashenzari
Cheibriados
Elyvilon
Gozag
Hepliaklqana
Kikubaaqudgha
Makhleb
Nemelex Xobeh
Qazlal
Ru
Sif Muna
Trog
Vehumet
Xom
Zin
The Shining One


Innate Abilities, Weirdness & Mutations

You are resistant to torment.
Your stone body is resilient. (AC +4)
You are immune to poison.
You resist negative energy. (rN+)
You are resistant to electric shocks. (rElec)
You can survive without breathing.
You are immune to petrification.
You are immune to rotting.


Message History

The orc priest hits you but does no damage.
You sock the orc priest!
The orc priest is heavily wounded.
The orc hits you but does no damage.
The orc priest casts a cantrip, but nothing happens.
You block the orc's attack.
You hit the orc priest.
The orc priest is almost dead.
You block the orc priest's attack. The orc hits you but does no damage.
You barely miss the orc priest.
The orc priest is severely wounded.
You block the orc priest's attack. The orc hits you with a +0 club.
* * * LOW HITPOINT WARNING * * *
You block the orc priest's attack.
You closely miss the orc priest.
The orc priest is severely wounded.
You block the orc's attack.
The orc priest mumbles some strange prayers to Beogh against you.
Pain shoots through your body!
You die...

##### ### #...# #.###
####.#.# ....####..
....#.# .......... ..>#.#
.#.##.##. #.#.#
.........# #.##.o.####
#.#....### #...@o....#
#.###...###.######.####
#...###...#.# #.#
........#.#.## ###.#
..>..##...#.. #...######
÷....#.....###.#.###....#
#...##.......#.#.# #.##.#
###.#...#<.#.....###.##.#
..#.#................##(#


You could see an orc priest and an orc.

Vanquished Creatures
  Sigmund (D:3)
  A phantom (D:4)
  3 crimson imps (D:3)
  3 orc priests
  An orc wizard (D:3)
  2 hounds
  A worker ant (D:4)
  Robin (D:4)
  A worker ant zombie (D:3)
  4 adders
  3 oozes
  4 worms
  A dart slug (D:3)
  6 leopard geckos
  9 orcs
  8 bats
  5 giant cockroaches
  19 goblins
  7 hobgoblins
  3 jackals (D:4)
  2 quokkas
  A ball python (D:1)
  3 frilled lizards
  7 kobolds
  A quokka skeleton (D:4)
  4 rats
101 creatures vanquished.

Notes
Turn   | Place    | Note
-------+----------+-------------------------------------------
     0 | D:1      | TrebMcFLY the Gargoyle Fighter began the quest for the Orb.
     0 | D:1      | Reached XP level 1. HP: 14/14 MP: 1/1
   163 | D:1      | Reached XP level 2. HP: 13/19 MP: 2/2
   489 | D:2      | Reached skill level 3 in Maces & Flails
   492 | D:2      | Reached XP level 3. HP: 19/24 MP: 3/3
   857 | D:2      | Found an opulent altar of Gozag.
  1033 | D:2      | Reached XP level 4. HP: 27/29 MP: 4/4
  1122 | D:2      | Found a burning altar of Makhleb.
  1273 | D:3      | Reached skill level 4 in Maces & Flails
  1344 | D:3      | Noticed Sigmund
  1365 | D:3      | Killed Sigmund
  1365 | D:3      | Reached skill level 5 in Maces & Flails
  1365 | D:3      | Reached XP level 5. HP: 34/34 MP: 5/5
  1365 | D:3      | Reached XP level 6. HP: 40/40 MP: 6/6
  1445 | D:3      | Reached skill level 5 in Fighting
  2025 | D:3      | Found a shimmering altar of Xom.
  2121 | D:3      | Reached XP level 7. HP: 41/44 MP: 7/7
  2185 | D:3      | Paralysed by a crimson imp for 5 turns
  2223 | D:4      | Found a staircase to the Ecumenical Temple.
  2239 | Temple   | Entered the Ecumenical Temple
  2427 | D:4      | Reached skill level 6 in Maces & Flails
  2427 | D:4      | Reached skill level 1 in Evocations
  2930 | D:4      | Noticed Robin
  2938 | D:4      | Killed Robin
  3151 | D:4      | Killed from afar by an orc priest

Skill      XL: |  1  2  3  4  5  6  7 |
---------------+----------------------+-----
Maces & Flails | 3 5 6 |  6.2
Fighting       | 4 5 |  5.6
Shields        | 4 |  4.1
Evocations     | 1 |  1.5
Armour         | 4 |  4.1

Action                   |  1- 3 |  4- 6 |  7- 9 || total
-------------------------+-------+-------+-------++-------
Melee: Flail             |   141 |   190 |   170 ||   501
  Use: Potion            |       |     1 |       ||     1
 Stab: Invisible         |       |       |     4 ||     4
  Eat: Chunk             |     1 |     4 |     3 ||     8
Armor: Scale mail        |    75 |   114 |   102 ||   291
Dodge: Dodged            |    30 |    65 |    59 ||   154
Block: Shield            |    92 |   102 |    95 ||   289
